 Dungeon Crawl Stone Soup version 0.30.1-9-gdf580d7c3d (webtiles) character file.

Game seed: 6008115819381053200

47 monsoonserge the Grasshopper (level 3, -1/28 HPs)
             Began as a Demonspawn Warper on Oct 26, 2023.
             Slain by an orc
             ... wielding a +0 hand axe
              (7 damage)
             ... on level 3 of the Dungeon.
             The game lasted 00:03:39 (1377 turns).

monsoonserge the Grasshopper (Demonspawn Warper)    Turns: 1377, Time: 00:03:40

Health: -1/28      AC:  4    Str: 11    XL:     3   Next: 48%
Magic:  6/6        EV: 13    Int: 16    God:
Gold:   42         SH:  3    Dex: 12    Spells: 4/6 levels left

rFire   + . .        a - +0 falchion
rCold   . . .        f - +0 buckler
rNeg    . . .        b - +0 leather armour
rPois   .            (no helmet)
rElec   .            g - +0 cloak
rCorr   .            (no gloves)
SInv    .            (no boots)
Will    .....        (no amulet)
Stlth   +            l - ring of protection from fire
HPRegen 0.24/turn    (no ring)
MPRegen 0.10/turn

%: no passive effects
@: no status effects
A: repulsion field 1
a: no special abilities


You were on level 3 of the Dungeon.
You visited 1 branch of the dungeon, and saw 3 of its levels.

You collected 42 gold pieces.

Inventory:

Hand Weapons
 a - a +0 falchion (weapon)
 h - a +0 short sword
Missiles
 d - 7 boomerangs of dispersal
 o - 8 poisoned darts (quivered)
Armour
 b - a +0 leather armour (worn)
 f - a +0 buckler (worn)
 g - a +0 cloak (worn)
Magical Staves
 q - a staff of poison
Jewellery
 l - a ring of protection from fire (left hand)
Scrolls
 c - 2 scrolls of blinking
 e - a scroll of fog {unknown}
 i - a scroll of identify {unknown}
 j - a scroll of immolation {unknown}
 k - a scroll of butterflies {unknown}
 n - a scroll of torment {unknown}
 p - a scroll of amnesia {unknown}
 r - a scroll of teleportation {unknown}
Potions
 m - 2 potions of heal wounds {unknown}
 s - 2 potions of mutation {unknown}
 t - a potion of brilliance {unknown}


   Skills:
 + Level 2.5 Fighting
 + Level 2.7 Long Blades
 + Level 0.8 Throwing
 * Level 1.1 Armour
 + Level 2.0 Dodging
 - Level 2.0 Spellcasting
 * Level 2.8 Translocations


You had 4 spell levels left.
You knew the following spells:

 Your Spells              Type           Power      Damage    Failure   Level
a - Blink                 Tloc           20%        N/A       19%         2

Your spell library contained the following spells:

 Spells                   Type           Power      Damage    Failure   Level
 Lesser Beckoning         Tloc           20%        N/A       19%         2
 Teleport Other           Tloc           10%        N/A       36%         3
 Cigotuvi's Dreadful Rot  Necr/Pois/Air  2%         N/A       52%         2
 Vhi's Electric Charge    Tloc/Air       12%        N/A       56%         3
 Manifold Assault         Tloc           10%        N/A       77%         4
 Dispel Undead            Necr           1%         3d6       99%         4
 Death Channel            Necr           0%         N/A       100%        6


Dungeon Overview and Level Annotations

Branches:
Dungeon (2/15)

Altars:


Innate Abilities, Weirdness & Mutations

You are surrounded by a mild repulsion field. (EV +2)


Message History

You hit the orc.
The orc is heavily wounded.
The orc hits you but does no damage. The orc hits you with a +0 dagger. x2
The orc barely misses you.
You closely miss the orc.
The orc is heavily wounded.
The orc closely misses you. The orc barely misses you.
You closely miss the orc.
The orc is heavily wounded.
The orc misses you. x2
You hit the orc but do no damage.
The orc is heavily wounded.
The orc barely misses you. The orc closely misses you.
You hit the orc.
You kill the orc!
The orc barely misses you. The orc hits you with a +0 club.
The orc hits you from afar with a +0 trident.
You hit the orc.
The orc is almost dead.
The orc closely misses you. The orc hits you but does no damage.
You barely miss the orc.
The orc is almost dead.
The orc completely misses you. The orc hits you with a +0 club.
You hit the orc.
You kill the orc!
The orc completely misses you.
You hit the orc.
The orc is lightly wounded.
The orc barely misses you. The orc hits you with a +0 hand axe.
You block the orc's attack. The orc misses you.
You barely miss the orc.
The orc is lightly wounded.
The orc hits you from afar with a +0 trident.
* * * LOW HITPOINT WARNING * * *
The orc hits you with a +0 hand axe.
* * * LOW HITPOINT WARNING * * *
You closely miss the orc.
The orc is lightly wounded.
The orc closely misses you. The orc hits you with a +0 hand axe!
You die...

######### #.......#
###################.......#
..................'.....>.#
###################.......#
# #############.......# #
#........##......#+## #
#........##.####.#
#.......oo@....#.#
#........##....# #
#........####### #
#........# .# #........#
..# #........# ...
#........# .. #........# .
#.........


You could see 2 orcs.

Vanquished Creatures
  2 worms (D:2)
  A dart slug (D:1)
  2 orcs (D:3)
  5 endoplasms
  A giant cockroach (D:1)
  3 goblins
  A hobgoblin (D:2)
  5 quokkas
  3 ball pythons
  A bat (D:2)
  6 frilled lizards
  4 kobolds
  3 rats
37 creatures vanquished.

Notes
Turn   | Place    | Note
-------+----------+-------------------------------------------
     0 | D:1      | monsoonserge the Demonspawn Warper began the quest for the
                  | Orb.
     0 | D:1      | Reached XP level 1. HP: 16/16 MP: 3/3
   263 | D:1      | Gained mutation: You are surrounded by a mild repulsion
                  | field. (EV +2) [demonic ancestry]
   263 | D:1      | Reached XP level 2. HP: 22/22 MP: 5/5
   829 | D:2      | Reached skill level 1 in Armour
   848 | D:1      | Learned a level 2 spell: Blink
  1010 | D:2      | Reached XP level 3. HP: 26/28 MP: 6/6
  1269 | D:2      | You fall into a shaft and drop 1 floor!
  1377 | D:3      | Slain by an orc

Illustrated notes

Levels and vault maps discovered:
D:1:      scummos_arrival_forest, layout_basic
D:2:      layout_rooms, st_stairs_11, feat_on_display
D:3:      layout_basic, nicolae_tso_besieged_by_evil,
          chequers_ecumenical_altar_simple_redux

Skill      XL: |  1  2 |
---------------+-------+-----
Long Blades    | 2 |  2.7
Dodging        | 2 |  2.0
Armour         | 1 |  1.1
Fighting       | |  2.5
Throwing       | |  0.8
Spellcasting   | |  2.0
Translocations | |  2.8

Action                     || total
---------------------------++-------
  Melee: Falchion          ||   136
 Armour: Leather armour    ||    22
  Dodge: Dodged            ||    94
  Block: Buckler           ||    16
